Map: [ESL] Royal Blood

Players

Clem - Winner!

  • Race: Terran Terran

Neeb

  • Race: Protoss Protoss
  • League: Diamond

Event: IEM Katowice 2023

VOD

Have the link to the VOD?

Description

Time

  • Played on: Feb. 10, 2023, 8:05 a.m.
  • Length: 11:14

All games in this series

Show
View Real Time Build Order
Export as new Build Order

Clem Terran - Winner!

Build Orders: 1/1/1 

Get SALT Encoding   

  12  0:00  SCV  
  13  0:12  SCV  
  14  0:17  Supply Depot  
  14  0:24  SCV  
  15  0:29  Refinery  
  15  0:38  SCV  
  16  0:44  Barracks  
  16  0:50  SCV  
  17  1:02  SCV  
  18  1:09  Engineering Bay  
  18  1:14  SCV  
  19  1:32  Marine, Orbital Command  
  20  1:36  Factory  
  20  1:43  Supply Depot  
  20  1:51  Barracks Reactor  
  20  1:57  SCV  
  21  2:09  SCV  
  22  2:16  Command Center  
  22  2:21  SCV  
  23  2:27  Starport  
  23  2:34  Hellion  
  25  2:37  Hellion  
  25  2:40  SCV  
  28  2:45  Supply Depot  
  28  2:55  Hellion  
  30  3:01  SCV  
  31  3:06  Medivac  
  31  3:07  Hellion  
  35  3:15  SCV  
  35  3:17  Barracks Tech Lab  
  35  3:18  Refinery  
  36  3:27  SCV  
  36  3:29  Orbital Command  
  37  3:39  SCV  
  38  3:42  Marine x2  
  38  3:43  Barracks  
  38  3:47  Cyclone  
  43  3:51  SCV  
  42  3:55  SCV  
  41  4:03  Marine x2, SCV  
  44  4:15  Orbital Command, SCV  
  44  4:16  Barracks  
  45  4:21  Marine x2, Cyclone  
  50  4:27  SCV  
  51  4:36  Barracks Tech Lab  
  49  4:38  Marine  
  49  4:39  Marine, SCV  
  49  4:41  SCV  
  51  4:46  Supply Depot  
  51  4:49  Starport Reactor  
  51  4:51  SCV  
  52  4:53  SCV  
  52  4:55  Marine, Stimpack  
  54  5:00  Supply Depot  
  54  5:02  Barracks Tech Lab  
  54  5:05  Supply Depot  
  54  5:07  Marine x2  
  54  5:08  SCV x2  
  54  5:10  Siege Tank  
  54  5:11  Refinery  
  61  5:14  Marine  
  62  5:22  Marauder, SCV x2  
  62  5:24  Supply Depot  
  62  5:25  Marine  
  62  5:27  Marine, Refinery  
  68  5:29  Combat Shield  
  68  5:34  SCV, Supply Depot  
  68  5:35  SCV  
  70  5:37  Marauder  
  70  5:41  Supply Depot  
  72  5:43  Marine  
  72  5:44  Marine  
  72  5:46  SCV  
  72  5:48  Medivac  
  72  5:49  SCV  
  78  5:52  Marauder  
  78  5:55  Engineering Bay  
  80  5:59  Medivac  
  80  6:02  Marauder  
  80  6:04  Marine  
  85  6:05  Marine  
  85  6:08  Supply Depot  
  86  6:13  Siege Tank  
  86  6:16  Marauder  
  91  6:23  Missile Turret x2  
  91  6:25  Marine x2  
  93  6:28  Marauder  
  93  6:32  Viking  
  97  6:35  Viking  
  97  6:39  Marauder  
  101  6:44  Supply Depot  
  101  6:45  Marine, Terran Infantry Weapons Level 1  
  102  6:47  Marine  
  102  6:50  Marauder  
  105  6:55  Supply Depot  
  105  6:57  Siege Tank  
  106  7:03  Marine, Marauder  
  106  7:05  Marine  
  107  7:10  Medivac  
  107  7:15  Marauder  
  111  7:19  Barracks  
  111  7:20  Medivac, Barracks  
  113  7:26  Supply Depot  
  113  7:31  Marauder  
  113  7:36  Marauder, Widow Mine x2  
  121  7:39  Marauder  
  121  7:44  Medivac, Supply Depot  
  123  7:46  Concussive Shells  
  125  7:52  Marauder  
  129  7:58  Supply Depot  
  129  7:59  Widow Mine x2  
  129  8:01  Marauder  
  135  8:06  Marauder  
  135  8:08  Barracks Tech Lab, Barracks Reactor  
  135  8:09  Marine  
  135  8:10  Marine  
  135  8:12  Medivac  
  139  8:15  Marauder  
  141  8:20  Widow Mine x2  
  141  8:25  Marauder  
  141  8:26  Marine  
  148  8:30  Marine  
  148  8:31  Marine  
  148  8:33  Supply Depot  
  149  8:36  Liberator  
  152  8:41  Supply Depot  
  152  8:42  Liberator  
  152  8:44  Widow Mine  
  156  8:48  Marine  
  156  8:52  Supply Depot  
  156  8:55  Marauder, Widow Mine  
  161  9:00  Supply Depot  
  161  9:01  Marauder  
  161  9:02  Marauder  
  162  9:04  Marine  
  162  9:07  Widow Mine  
  162  9:08  Marine  
  165  9:16  Marauder  
  166  9:19  Supply Depot  
  166  9:22  Liberator  
  169  9:26  Marine, Marauder  
  174  9:31  Widow Mine  
  174  9:32  Widow Mine  
  174  9:37  Liberator  
  176  9:42  Marauder  
  166  9:48  Marauder  
  166  9:51  Marauder  
  164  9:57  Widow Mine  
  164  9:58  Marine  
  166  10:03  Marauder  
  166  10:06  Marine  
  139  10:09  Marine  
  139  10:13  Marauder  
  133  10:14  Widow Mine  
  133  10:17  Marine  
  128  10:22  Medivac  
  128  10:25  Marauder  
  128  10:27  Widow Mine  
  130  10:29  Liberator  
  130  10:30  Marine  
  130  10:34  Orbital Command  
  125  10:36  Marine x2  
  120  10:43  Marine  
  120  10:46  Marine  
  120  10:48  Marine  
  119  10:51  Widow Mine  
Show
View Real Time Build Order
Export as new Build Order

Neeb Protoss 

Build Orders: 1 Gate Expand, Oracle Opening 

Get SALT Encoding   

  12  0:00  Probe  
  13  0:12  Probe  
  14  0:17  Pylon  
  14  0:24  Probe (Chrono Boost)  
  16  0:36  Probe (Chrono Boost)  
  16  0:37  Gateway  
  16  0:43  Probe (Chrono Boost)  
  16  0:46  Assimilator  
  17  0:52  Probe  
  18  1:04  Probe  
  19  1:16  Probe  
  20  1:24  Cybernetics Core  
  20  1:30  Probe  
  21  1:38  Nexus  
  21  1:43  Pylon  
  21  1:45  Probe  
  22  1:49  Assimilator  
  22  1:59  Adept (Chrono Boost)  
  23  2:02  Probe  
  23  2:06  Shield Battery  
  25  2:14  Probe  
  26  2:19  Adept (Chrono Boost)  
  28  2:24  Stargate  
  28  2:28  Probe  
  29  2:36  Pylon, Warp Gate  
  29  2:40  Probe  
  30  2:49  Adept  
  32  2:53  Probe  
  32  2:58  Probe  
  34  3:05  Probe  
  35  3:09  Oracle (Chrono Boost)  
  35  3:10  Probe  
  39  3:17  Probe  
  39  3:19  Adept  
  42  3:22  Probe  
  42  3:26  Pylon  
  43  3:29  Probe  
  45  3:34  Probe  
  45  3:36  Oracle (Chrono Boost)  
  48  3:41  Pylon  
  48  3:43  Pylon  
  48  3:45  Probe  
  49  3:50  Probe  
  49  3:53  Stalker  
  48  3:58  Probe  
  47  4:09  Phoenix  
  48  4:10  Probe (Chrono Boost)  
  48  4:12  Probe (Chrono Boost)  
  49  4:23  Probe (Chrono Boost)  
  51  4:24  Probe (Chrono Boost)  
  51  4:28  Probe (Chrono Boost)  
  51  4:29  Probe (Chrono Boost)  
  52  4:34  Phoenix  
  51  4:39  Probe  
  51  4:42  Probe  
  51  4:45  Gateway  
  53  4:47  Gateway  
  53  4:51  Probe  
  54  4:54  Probe  
  54  4:55  Twilight Council  
  55  5:03  Probe  
  55  5:06  Probe  
  57  5:11  Nexus  
  57  5:14  Phoenix  
  57  5:18  Probe  
  57  5:19  Probe  
  61  5:25  Pylon  
  61  5:31  Charge (Chrono Boost)  
  61  5:32  Gateway  
  61  5:36  Gateway  
  61  5:40  Gateway  
  61  5:41  Probe  
  62  5:43  Probe  
  62  5:47  Sentry  
  65  5:53  Probe  
  65  5:55  Probe  
  67  6:03  Zealot x2  
  71  6:06  Pylon, Probe  
  71  6:07  Phoenix  
  71  6:09  Probe  
  75  6:13  Zealot  
  75  6:18  Probe  
  78  6:21  Probe  
  78  6:25  Probe  
  80  6:27  Sentry  
  80  6:28  Zealot x2  
  80  6:30  Pylon, Probe  
  87  6:33  Probe  
  87  6:34  Zealot x2  
  87  6:37  Probe  
  87  6:39  Pylon  
  93  6:40  Zealot  
  93  6:42  Probe  
  93  6:43  Phoenix  
  98  6:47  Probe  
  98  6:53  Probe  
  100  6:54  Zealot x4  
  100  7:00  Zealot x2  
  112  7:10  Pylon  
  112  7:11  Pylon  
  112  7:12  Gateway x2  
  113  7:15  Probe x2  
  113  7:20  Probe, Robotics Facility  
  113  7:22  Assimilator  
  115  7:25  Forge  
  115  7:27  Phoenix  
  117  7:35  Probe  
  117  7:36  Probe  
  119  7:38  Assimilator  
  119  7:39  Assimilator x2  
  119  7:40  Pylon  
  119  7:44  Probe  
  119  7:48  Probe  
  119  7:50  Probe  
  122  7:55  Protoss Ground Armor Level 1 (Chrono Boost)  
  122  7:56  Probe  
  123  7:58  Pylon  
  123  8:00  Probe  
  123  8:04  Probe  
  125  8:07  Observer  
  125  8:09  Robotics Bay  
  125  8:10  Zealot x8  
  142  8:14  Robotics Facility  
  142  8:16  Probe  
  142  8:19  Pylon  
  143  8:27  Pylon  
  143  8:28  Pylon x2  
  143  8:39  Zealot x7  
  143  8:41  Zealot  
  159  8:52  Pylon x2  
  158  9:06  Zealot x4, Disruptor (Chrono Boost)  
  158  9:07  Zealot x4  
  158  9:08  Disruptor (Chrono Boost)  
  180  9:18  Extended Thermal Lance  
  180  9:21  Pylon  
  180  9:30  Zealot x5  
  190  9:33  Disruptor  
  193  9:39  Disruptor  
  181  9:54  Zealot x7  
  153  10:19  Colossus x2 (Chrono Boost)  
  143  10:33  Zealot x7  
  143  10:34  Zealot  
  103  10:54  Sentry x2, Stalker x3  
  103  10:55  Stalker x3  

Tags
 
Add a new tag
Caveats
  • Supply blocks, unpowered buildings, or Contaminate may cause inaccurate times.
  • Supply counts are checked every 10 seconds.